 Dungeon Crawl Stone Soup version 0.31-a0-1178-gc5c9b8f (webtiles) character file.

Game seed: 15025145451942741339

1568852 sniakfm the Crack Shot (level 26, 174/174 HPs)
             Began as a Tengu Hunter on Dec 11, 2023.
             Was an Initiate of Gozag.
             Escaped with the Orb
             ... and 3 runes!
             The game lasted 02:43:09 (74412 turns).

sniakfm the Crack Shot (Tengu Hunter)              Turns: 74412, Time: 02:43:10

Health: 174/174    AC: 22    Str: 17    XL:     26   Next: 37%
Magic:  53/55      EV: 26    Int: 16    God:    Gozag
Gold:   1551       SH: 35    Dex: 27    Spells: 28/41 levels left

rFire   + . .        h - +9 hand cannon (heavy)
rCold   + + +        L - +18 shield of the Gong {Loud rN+ Will+ rCorr EV-5}
rNeg    + + .        a - +6 ring mail "Eren Fae" {rElec rC+ rN+}
rPois   +            W - +3 hat of Pondering {ponderous, Will+ MP+10 Int+5}
rElec   +            Y - +2 cloak of the Thief {*Fog Slay-2 SInv Stlth+}
rCorr   +            o - +0 pair of gloves "Unwor" {rC+++ Str+4 Int-3}
SInv    +            (boots unavailable)
Will    +++..        r - amulet of Equilibrium {Regen+ MP+9}
Stlth   ++           s - ring of Starshine {^Drain rPois rC+ Int+3 Slay+5}
HPRegen 1.29/turn    f - ring of protection from fire
MPRegen 0.34/turn

%: acrobat
@: flying, hasted, studying 2 skills, very quick
A: beak, talons 3, evasive flight, acrobatic, mutation resistance 1
0: Orb of Zot
}: 3/15 runes: serpentine, barnacled, silver
a: Renounce Religion, Potion Petition, Call Merchant, Bribe Branch


You escaped.
You worshipped Gozag.
Gozag was most pleased with you.
You visited 12 branches of the dungeon, and saw 50 of its levels.
You visited the Abyss 1 time.
You also visited: Sewer, Bailey and Volcano.

You collected 26619 gold pieces.
You spent 5843 gold pieces at shops.
You paid 19225 gold pieces to Gozag.

Inventory:

Hand Weapons
 h - a +9 heavy hand cannon (weapon)
Missiles
 t - 6 boomerangs
 F - 3 curare-tipped darts
 Z - 6 throwing nets
Armour
 a - the +6 ring mail "Eren Fae" (worn) {rElec rC+ rN+}
   (You found it on level 2 of the Orcish Mines)

   rC+:       It protects you from cold.
   rElec:     It insulates you from electricity.
   rN+:       It protects you from negative energy.
 n - a +2 hat of intelligence
 o - the +0 pair of gloves "Unwor" (worn) {rC+++ Str+4 Int-3}
   (You found it on level 5 of the Dungeon)

   Str+4:     It affects your strength (+4).
   Int-3:     It affects your intelligence (-3).
   rC+++:     It renders you almost immune to cold.
 L - the +18 shield of the Gong (worn) {Loud rN+ Will+ rCorr EV-5}
   (You acquired it on level 4 of the Lair of Beasts)

   Loud:      It is deafeningly noisy when blocking attacks.
   EV-5:      It affects your evasion (-5).
   rN+:       It protects you from negative energy.
   Will+:     It increases your willpower.
   rCorr:     It protects you from acid and corrosion.
 W - the +3 hat of Pondering (worn) {ponderous, Will+ MP+10 Int+5}
   (You found it on level 2 of the Lair of Beasts)

   Int+5:     It affects your intelligence (+5).
   Will+:     It increases your willpower.
   MP+10:     It affects your magic capacity (+10).
 Y - the +2 cloak of the Thief (worn) {*Fog Slay-2 SInv Stlth+}
   (You found it on level 2 of the Vaults)

   *Fog:      It may release a thick cloud of smoke when the wearer is hurt.
   Slay-2:    It affects your accuracy & damage with ranged weapons and melee
   (-2).
   SInv:      It lets you see invisible.
   Stlth+:    It makes you more stealthy.
Jewellery
 b - the ring "Womadupt" {Fire rPois rCorr Dex+3 Stlth+}
   (You took it off a spriggan defender on level 3 of the Depths)

   [ring of fire]

   Fire:      It enhances your fire magic.
   Dex+3:     It affects your dexterity (+3).
   rF+:       It protects you from fire.
   rC-:       It makes you vulnerable to cold.
   rPois:     It protects you from poison rCorr: It protects you from acid and
   corrosion.
   Stlth+:    It makes you more stealthy.
 f - a ring of protection from fire (right hand)
 r - the amulet of Equilibrium (around neck) {Regen+ MP+9}
   (You found it on level 5 of the Vaults)

   [amulet of regeneration]

   MP+9:      It affects your magic capacity (+9).
   Regen+:    It increases your rate of health regeneration.
 s - the ring of Starshine (left hand) {^Drain rPois rC+ Int+3 Slay+5}
   (You bought it in a shop on level 15 of the Dungeon)

   [ring of protection from cold]

   Int+3:     It affects your intelligence (+3).
   Slay+5:    It affects your accuracy & damage with ranged weapons and melee
   (+5).
   rC+:       It protects you from cold.
   rPois:     It protects you from poison ^Drain: It drains your maximum health
   when unequipped.
Wands
 p - a wand of polymorph (2)
 A - a wand of acid (4)
 D - a wand of digging (3)
 G - a wand of roots (30)
 J - a wand of charming (21)
 N - a wand of mindburst (31)
Scrolls
 d - 3 scrolls of immolation
 g - 2 scrolls of butterflies
 m - 5 scrolls of vulnerability
 q - a scroll of revelation
 v - 8 scrolls of poison
 w - 5 scrolls of silence
 z - 3 scrolls of fear
 B - a scroll of blinking
 I - 4 scrolls of noise
 K - 2 scrolls of brand weapon
 R - 5 scrolls of torment
 T - a scroll of teleportation
Potions
 i - 9 potions of attraction
 j - a potion of cancellation
 k - a potion of heal wounds
 l - 11 potions of brilliance
 u - 6 potions of lignification
 x - 8 potions of ambrosia
 y - 2 potions of mutation
 C - 5 potions of berserk rage
 M - 6 potions of magic
 O - a potion of resistance
 P - 8 potions of enlightenment
 Q - 5 potions of curing
 S - 13 potions of might
Miscellaneous
 c - a phantom mirror
 e - a lightning rod (4/4)
 U - a phial of floods
 V - a tin of tremorstones (2/2)
 X - a box of beasts


   Skills:
 - Level 20.0 Fighting
 + Level 21.3 Ranged Weapons
 - Level 14.0 Armour
 - Level 18.0 Dodging
 - Level 12.8 Stealth
 - Level 18.0 Shields
 + Level 8.4 Spellcasting
 - Level 10.0 Translocations
 - Level 8.0 Transmutations
 + Level 6.9 Earth Magic
 - Level 12.3 Evocations


You had 28 spell levels left.
You knew the following spells:

 Your Spells              Type           Power      Damage    Failure   Level
a - Swiftness             Air            6%         N/A       58%         3
c - Passwall              Tmut/Erth      25%        N/A       1%          2
d - Blink                 Tloc           76%        N/A       1%          2
e - Lesser Beckoning      Tloc           76%        N/A       1%          2
z - Passage of Golubria   Tloc           38%        N/A       4%          4

Your spell library contained the following spells:

 Spells                   Type           Power      Damage    Failure   Level
 Apportation              Tloc           76%        N/A       1%          1
 Sandblast                Erth           58%        2d13      1%          1
 Gell's Gravitas          Tloc           38%        N/A       1%          3
 Teleport Other           Tloc           38%        N/A       1%          3
 Momentum Strike          Conj/Tloc      44%        3d9       4%          2
 Stone Arrow              Conj/Erth      34%        3d9       17%         3
 Foxfire                  Conj/Fire      24%        2x1d5     24%         1
 Kiss of Death            Conj/Necr      24%        2d7       24%         1
 Necrotise                Necr           24%        1d5       24%         1
 Summon Small Mammal      Summ           24%        N/A       24%         1
 Cigotuvi's Dreadful Rot  Necr/Pois/Air  12%        N/A       36%         2
 Ensorcelled Hibernation  Hex/Ice        12%        N/A       36%         2
 Jinxbite                 Hex            12%        N/A       36%         2
 Sublimation of Blood     Necr           6%         N/A       36%         2
 Lee's Rapid Deconstruct  Erth           14%        3d9*      36%         5
 Animate Armour           Summ/Erth      34%        N/A       50%         4
 Brom's Barrelling Bould  Conj/Erth      17%        2d4       50%         4
 Leda's Liquefaction      Hex/Erth       8%         N/A       50%         4
 Dispersal                Tloc           19%        N/A       52%         6
 Dazzling Flash           Conj/Hex       12%        N/A       58%         3
 Inner Flame              Hex/Fire       6%         N/A       58%         3
 Ozocubu's Armour         Ice            6%         N/A       58%         3
 Tukima's Dance           Hex            6%         N/A       58%         3
 Vampiric Draining        Necr           6%         2d6       58%         3
 Summon Forest            Summ/Tloc      11%        N/A       65%         5
 Yara's Violent Unravell  Hex/Tmut       9%         3d6       78%         5
 Anguish                  Hex/Necr       3%         N/A       94%         4
 Sticky Flame             Conj/Fire      6%         2d3       94%         4
 Summon Ice Beast         Ice/Summ       6%         N/A       94%         4
 Summon Lightning Spire   Summ/Air       6%         N/A       94%         4
 Agony                    Necr           6%         N/A       100%        5
 Fireball                 Conj/Fire      3%         3d4       100%        5
 Iskenderun's Battlesphe  Conj           6%         2d6       100%        5
 Silence                  Hex/Air        3%         N/A       100%        5
 Summon Mana Viper        Hex/Summ       6%         N/A       100%        5
 Bombard                  Conj/Erth      8%         9d2       100%        6
 Conjure Ball Lightning   Conj/Air       3%         3x3d6     100%        6
 Plasma Beam              Fire/Air       3%         2x1d13    100%        6
 Summon Cactus Giant      Summ           3%         N/A       100%        6
 Enfeeble                 Hex            3%         N/A       100%        7
 Haunt                    Necr/Summ      3%         N/A       100%        7
 Orb of Destruction       Conj           3%         9d5       100%        7
 Borgnjor's Revivificati  Necr           3%         N/A       100%        8
 Discord                  Hex            3%         N/A       100%        8
 Disjunction              Tloc           19%        N/A       100%        8
 Ignition                 Fire           3%         3d4       100%        8
 Infestation              Necr           3%         N/A       100%        8
 Chain Lightning          Conj/Air       3%         3d4       100%        9
 Death's Door             Necr           3%         N/A       100%        9
 Fire Storm               Conj/Fire      3%         8d1       100%        9
 Shatter                  Erth           14%        3d14*     100%        9
 Animate Dead             Necr           Unusable   N/A       N/A         4
 Simulacrum               Ice/Necr       Unusable   N/A       N/A         6

Dungeon Overview and Level Annotations

Branches:
Dungeon (15/15)            Temple (1/1) D:5            Lair (5/5) D:11
 Shoals (4/4) Lair:3        Snake (4/4) Lair:2        Slime (1/5) Lair:4
    Orc (2/2) D:12            Elf (3/3) Orc:2        Vaults (5/5) D:14
  Crypt (1/3) Vaults:3     Depths (4/4) D:15            Zot (5/5) Depths:4
  Sewer (visited)          Bailey (visited)         Volcano (visited)

Altars:
Ashenzari
Cheibriados
Dithmenos
Elyvilon
Fedhas
Gozag
Hepliaklqana
Kikubaaqudgha
Makhleb
Nemelex Xobeh
Okawaru
Qazlal
Ru
Sif Muna
Trog
Uskayaw
Vehumet
Wu Jian
Xom
Yredelemnul
Zin
The Shining One
Jiyva

Shops:
D:10 =   D:11 [   D:15 *   Orc:1 :   Orc:2 ?*[*   Vaults:1 !   Depths:2 :***

Portals:
Hell: Depths:1 Depths:2 Depths:4
Abyss: Depths:1 Depths:4
Pandemonium: Depths:2
Ziggurat: Depths:1

Annotations:
D:6 exclusion: downstairs
D:8 1 runed translucent door, dhlexpress's ghost, novice SpBr
D:11 1 exclusion, Urug
D:13 exclusion: downstairs
D:14 exclusion: upstairs
Temple 2 transporters
Lair:4 1 exclusion
Zot:3 Tiamat


Innate Abilities, Weirdness & Mutations

You have a beak for a mouth.
You have claws for feet.
Your magical flight helps you evade attacks. (EV +4)
You can magically evade attacks while moving or waiting.
You are somewhat resistant to further mutation.


Message History

Unknown command.
MP restored: 55
There is a stone staircase leading up here.
You fly upwards.
There is a stone staircase leading down here.
Casting: Passwall (safe; 1% risk of failure)
Confirm with . or Enter, or press ? or * to list all spells.
Aiming: Passwall (safe; 1% risk of failure)
Press: ? - help, Dir - move target A rock wall.
This square is covered in magical glow.
You begin to meditate on the wall.
You continue meditating on the rock. x2
You finish merging with the rock.
You now have 54/55 mp.
MP restored: 55
There is a stone staircase leading up here.
You fly upwards.
There is a stone staircase leading down here.
A cacodemon comes into view.
You shoot a bolt. The bolt hits the cacodemon!
The cacodemon is lightly wounded.
You shoot a bolt. The bolt hits the cacodemon!!!!
The cacodemon is almost dead.
An orange demon comes into view.
You shoot a bolt. The bolt hits the cacodemon!!!!
You kill the cacodemon!
You shoot a bolt. The bolt hits the orange demon!!!
You kill the orange demon!
Training target 10.0 for Translocations reached!
Your Translocations skill increases to level 10!
There is a stone staircase leading up here.
You fly upwards.
There is a stone staircase leading down here.
There is a stone staircase leading up here.
You fly upwards.
There is a stone staircase leading down here.
There is a stone staircase leading up here.
You fly upwards.
There is a stone staircase leading down here.
You feel yourself speed up.
Casting: Passwall (safe; 1% risk of failure)
Confirm with . or Enter, or press ? or * to list all spells.
Aiming: Passage of Golubria (mildly dangerous; 4% risk of failure)
Press: ? - help, Dir - move target You now have 51/55 mp.
You enter the passage of Golubria.
There is a passage of Golubria here.
A lorocyproca comes into view.
There is a staircase leading out of the dungeon here.
You have escaped!

# #.#........###........#.##.# #
#.#.......## ##.......#.##.# #
#.#.......# #.......#.##.## #
#.#.......## ##.............. #
#.#........###.........##..## #
#................^......)..# #
##....###.........###.....#.#
####....## ##.......## ##....#.#
........# #...@...# #......#
####....## ##.......## ##.#..###
#####.#..###.........###.....#
.....#.......................####
#####..........###........†......
#.#.......## ##.......#.#####
#.#.......# #..2...†#.#
#.#.......## ##.......#.#
#.#........###........#.#


You could see a lorocyproca (invisible).

Vanquished Creatures
  An orb of fire (Depths:4)
  A juggernaut (Depths:4)
  Sojobo (Depths:3)
  Vashnia (Snake:2)
  Bai Suzhen (Vaults:2)
  A caustic shrike (Depths:3)
  3 golden dragons
  Rupert (D:13)
  2 electric golems (Depths:4)
  Mlioglotl (Snake:1)
  Zenata (Elf:3)
  An Ice Fiend (D:10)
  4 tentacled monstrosities
  3 Orb Guardians
  A walking frostbound tome (Depths:3)
  5 titans
  2 deep elf master archers (Elf:3)
  A lich (Depths:3)
  3 deep elf blademasters
  2 quicksilver dragons
  4 sphinxes
  6 death cobs (Depths:4)
  Kirke (Shoals:2)
  4 tengu reavers
  4 storm dragons
  8 shadow dragons
  The ghost of december12 the Marksfrog, an adept BaAr of Fedhas (Shoals:2)
  A revenant (Crypt:1)
  4 draconian knights
  6 nagarajas
  3 draconian monks (Depths:4)
  9 frost giants
  7 fire giants
  11 vault wardens
  5 deep elf sorcerers (Elf:3)
  Louise (D:14)
  2 balrugs
  An iron dragon (Depths:3)
  A draconian shifter (Zot:1)
  4 deep elf elementalists
  3 ghouls (Crypt:1)
  3 orc warlords
  A reaper (D:11)
  2 draconian annihilators
  A spriggan defender (Depths:3)
  A cacodemon (D:4)
  19 stone giants
  18 ironbound preservers
  3 ironbound thunderhulks (Vaults:1)
  3 war gargoyles
  3 formless jellyfish
  5 deep elf demonologists
  A vampire knight (Depths:3)
  24 very ugly things
  4 green draconians (Depths:4)
  4 yellow draconians
  A black draconian (Depths:4)
  5 deep elf annihilators (Elf:3)
  2 purple draconians
  3 white draconians
  15 dire elephants
  8 spark wasps
  3 red draconians
  2 crystal guardians (Vaults:4)
  14 fire dragons
  10 ettins
  5 deep elf death magi
  3 merfolk javelineers (Shoals:4)
  Josephine (D:12)
  6 merfolk impalers
  4 great orbs of eyes
  2 entropy weavers
  6 deep elf high priests
  10 yaktaur captains
  A hell beast (D:15)
  9 hydras
  3 rakshasas
  A salamander tyrant (Snake:2)
  9 ironbound frosthearts
  An ogre mage (Vaults:5)
  2 catoblepae
  4 merfolk avatars
  4 spriggan air magi
  A peacekeeper (Vaults:4)
  9 ice dragons
  10 anacondas
  20 vault guards
  2 alligator snapping turtles (Shoals:4)
  6 merfolk aquamancers
  3 satyrs
  24 dancing weapons
  9 two-headed ogres
  17 centaur warriors
  4 boulder beetles
  A hell hog (Lair:5)
  A death knight (D:15)
  5 deep troll shamans
  17 death yaks
  24 naga warriors
  5 tengu warriors
  18 naga sharpshooters
  2 vampire magi
  4 deep troll earth magi
  7 shock serpents
  2 sun demons (Zot:5)
  5 spriggan berserkers
  6 orc high priests (Orc:2)
  14 deep elf knights
  11 hell knights
  A soul eater (Depths:3)
  A fire crab (shapeshifter) (Depths:3)
  6 salamander mystics
  5 iron trolls
  A flayed ghost (Depths:3)
  5 skysharks
  41 deep trolls
  A sixfirhy (D:10)
  11 naga ritualists
  A spectral spark wasp (Depths:1)
  13 sea snakes
  11 lindwurms
  8 glowing orange brains
  A swamp dragon (Lair:5)
  15 deep elf archers
  A lindwurm (shapeshifter) (Depths:3)
  6 necromancers
  A phantasmal warrior (Vaults:5)
  5 arcanists
  2 bog bodies (Crypt:1)
  14 ironbound convokers
  9 orc knights
  8 harpies
  35 deep elf pyromancers
  33 deep elf zephyrmancers
  26 ugly things
  A wolf spider (D:15)
  3 orc sorcerers (Orc:2)
  8 fauns (Shoals:3)
  7 manticores
  12 salamanders
  7 cyclopes
  10 mana vipers
  A mana viper (shapeshifter) (Vaults:5)
  A salamander (shapeshifter) (Depths:3)
  2 kobold blastminers (Orc:2)
  7 merfolk sirens
  4 moths of wrath
  48 black mambas
  9 elephants
  21 naga magi
  14 vault sentinels
  8 water nymphs
  5 guardian serpents
  10 cane toads
  2 orange demons
  A gargoyle (D:10)
  2 torpor snails
  3 kobold demonologists
  3 freezing wraiths
  35 yaktaurs
  An efreet (D:13)
  2 rime drakes (Lair:5)
  9 komodo dragons
  A hellion (D:7)
  4 tengu conjurers
  A queen bee (Lair:3)
  The ghost of PiratePeteNZ the Firebug, a novice DEFE (D:4)
  9 polar bears (Lair:5)
  A queen bee (shapeshifter) (D:13)
  5 wind drakes
  24 merfolk
  8 trolls
  26 blink frogs
  4 hornets
  A hellwing (D:10)
  4 raiju
  14 dream sheep
  A tarantella (shapeshifter) (D:13)
  A tarantella (Vaults:5)
  Grinder (D:5)
  16 slime creatures
  9 snapping turtles
  5 spriggans
  2 air elementals
  3 shadows
  A culicivora (Vaults:3)
  17 water elementals
  A vampire (D:13)
  7 wraiths (D:12)
  10 vampire mosquitoes
  8 fire bats (Volcano)
  3 wyverns
  4 basilisks
  8 steam dragons
  54 yaks
  3 hogs (Shoals:2)
  17 humans
  4 redbacks
  9 wargs
  A chaos spawn (D:10)
  7 acid dragons
  23 nagas
  A swamp worm (Lair:2)
  17 hell hounds
  21 water moccasins
  An ice beast (D:6)
  12 black bears
  A sky beast (D:7)
  A swamp drake (Lair:5)
  44 orc warriors
  18 ogres
  13 wolves (Lair:5)
  8 boggarts (Vaults:1)
  17 centaurs
  2 phantoms (D:7)
  9 kobold brigands
  Blork the orc (D:4)
  15 bullfrogs
  A gnoll sergeant (D:9)
  2 earth elementals
  A scorpion (D:4)
  9 wights
  35 killer bees
  8 howler monkeys
  2 lava snakes (Lair:2)
  3 crimson imps (D:9)
  5 hounds
  3 quasits (D:4)
  31 orc priests
  6 iguanas
  2 sleepcaps
  Natasha (twice) (D:3)
  17 orc wizards
  A black bear skeleton (Crypt:1)
  A hell rat (Sewer)
  14 gnolls
  9 adders
  5 river rats
  A shadow imp (D:10)
  2 white imps
  2 ufetubi (D:10)
  2 worms
  A dart slug (D:3)
  98 orcs
  8 ball pythons
  8 endoplasms
  8 giant cockroaches
  13 goblins
  5 hobgoblins
  16 jackals
  6 bats
  3 frilled lizards
  22 kobolds
  11 rats
  A butterfly (Lair:1)
1935 creatures vanquished.

Vanquished Creatures (collateral kills)
  2 dread liches (Zot:5)
  2 Killer Klowns (Zot:5)
  An electric golem (Zot:5)
  A tentacled monstrosity (Zot:5)
  A titan (Vaults:5)
  9 Orb Guardians (Zot:5)
  2 storm dragons (Vaults:5)
  A fire giant (Vaults:5)
  An ironbound preserver (Vaults:5)
  A stone giant (Vaults:5)
  2 war gargoyles (Vaults:5)
  A deep elf demonologist (Vaults:5)
  A red draconian (Depths:4)
  An ettin (Vaults:5)
  A deep elf death mage (Vaults:5)
  A deep elf high priest (Vaults:5)
  A yaktaur captain (Vaults:5)
  An ironbound frostheart (Vaults:3)
  5 vault guards
  A dancing weapon (Elf:2)
  A deep elf knight (Elf:2)
  2 deep trolls (Vaults:5)
  A deep elf pyromancer (Elf:2)
  A lindwurm (shapeshifter) (Vaults:5)
  A wolf spider (shapeshifter) (Vaults:5)
  A vault sentinel (Vaults:5)
  A moth of wrath (Zot:5)
  A yaktaur (shapeshifter) (Vaults:5)
  2 redbacks (Vaults:3)
47 creatures vanquished.

Vanquished Creatures (others)
  A dread lich (Vaults:5)
  2 ancient liches (Zot:5)
  3 orbs of fire (Zot:5)
  A pandemonium lord (Zot:5)
  A Killer Klown (Zot:5)
  An electric golem (Zot:5)
  A tentacled monstrosity (Vaults:5)
  A lich (Vaults:5)
  12 Orb Guardians (Zot:5)
  2 sphinxes (Vaults:5)
  2 titans (Vaults:5)
  A storm dragon (Vaults:5)
  A tengu reaver (Vaults:5)
  A draconian knight (Zot:5)
  2 frost giants (Vaults:5)
  A deep elf sorcerer (Vaults:5)
  A vault warden (Vaults:5)
  A war gargoyle (Vaults:5)
  3 stone giants (Vaults:5)
  A draconian annihilator (Zot:5)
  4 green draconians (Zot:5)
  A deep elf annihilator (Vaults:5)
  3 vault guards
  4 yaktaur captains (Vaults:5)
  2 deep trolls
  An ironbound convoker (Vaults:5)
  A deep elf zephyrmancer (Elf:1)
  A black mamba (Snake:4)
  3 vault sentinels (Vaults:5)
  3 yaktaurs (Vaults:5)
  A tengu conjurer (D:15)
  A red devil (Zot:5)
  A slime creature (D:14)
  An ogre (Vaults:5)
  A kobold (D:14)
  2 starspawn tentacles (Snake:1)
69 creatures vanquished.

Grand Total: 2051 creatures vanquished

Notes
Turn   | Place    | Note
-------+----------+-------------------------------------------
     0 | D:1      | sniakfm the Tengu Hunter began the quest for the Orb.
     0 | D:1      | Reached XP level 1. HP: 12/12 MP: 2/2
    84 | D:1      | Reached XP level 2. HP: 18/18 MP: 3/3
   303 | D:1      | Found a faded altar of an unknown god.
   399 | D:1      | Reached XP level 3. HP: 22/22 MP: 4/4
   576 | D:1      | Reached skill level 5 in Ranged Weapons
   731 | D:2      | Reached skill level 3 in Fighting
   768 | D:2      | Reached XP level 4. HP: 19/28 MP: 5/5
  1108 | D:2      | Identified the +11 dagger of Salt {flame, rPois Will-
                  | Stlth+}
  1357 | D:2      | HP: 1/28 [gnoll/+0 flail (11)]
  1383 | D:2      | Reached XP level 5. HP: 14/32 MP: 6/6
  1978 | D:3      | Found a glowing drain.
  1992 | D:3      | Reached skill level 1 in Shields
  2003 | Sewer    | Entered a sewer
  2035 | Sewer    | Reached XP level 6. HP: 38/38 MP: 7/7
  2230 | D:3      | Noticed Natasha
  2235 | D:3      | Killed Natasha
  2236 | D:3      | Reached skill level 3 in Stealth
  2442 | D:4      | Reached skill level 3 in Dodging
  2525 | D:4      | Found a transporter.
  2532 | D:4      | Noticed PiratePeteNZ's ghost (novice DEFE)
  2563 | D:4      | Noticed Blork the orc
  2572 | D:4      | Killed Blork the orc
  2704 | D:4      | Found a transporter.
  2775 | D:4      | Identified a scroll of acquirement
  2775 | D:4      | Acquired a +0 hand cannon of flaming
  2832 | D:4      | Gained mutation: Your magical flight helps you evade
                  | attacks. (EV +4) [Tengu growth]
  2832 | D:4      | Reached XP level 7. HP: 9/43 MP: 8/8
  2902 | D:3      | Noticed Natasha
  2904 | D:3      | Killed Natasha
  3067 | D:4      | Found a snail-covered altar of Cheibriados.
  3067 | D:4      | Found a radiant altar of Vehumet.
  3135 | D:4      | Reached skill level 3 in Shields
  3281 | D:5      | Entered Level 5 of the Dungeon
  3286 | D:5      | Identified the +0 pair of gloves "Unwor" {rC+++ Str+4
                  | Int-3}
  3301 | D:5      | Found a staircase to the Ecumenical Temple.
  3312 | Temple   | Found a transporter.
  3312 | Temple   | Found a transporter.
  3312 | Temple   | Found a transporter.
  3312 | Temple   | Found a transporter.
  3312 | Temple   | Entered the Ecumenical Temple
  3353 | Temple   | Became a worshipper of Gozag Ym Sagoz the Greedy
  3468 | D:5      | Noticed Grinder
  3482 | D:5      | Killed Grinder
  3682 | D:5      | Reached XP level 8. HP: 47/48 MP: 9/9
  3817 | D:5      | Reached skill level 6 in Ranged Weapons
  4569 | D:6      | Reached skill level 6 in Stealth
  4831 | D:6      | Found a sacrificial altar of Ru.
  4948 | D:7      | Reached XP level 9. HP: 40/55 MP: 10/10
  4957 | D:6      | Reached skill level 7 in Ranged Weapons
  5046 | D:7      | Reached skill level 6 in Fighting
  5184 | D:7      | Reached skill level 1 in Armour
  5275 | D:7      | Reached skill level 6 in Dodging
  5747 | D:8      | Noticed a hornet
  5790 | D:8      | Noticed a hornet
  5988 | D:8      | Reached skill level 8 in Ranged Weapons
  5988 | D:8      | Reached skill level 3 in Armour
  6329 | D:9      | Noticed a hornet
  6333 | D:9      | Killed a hornet
  6356 | D:9      | Reached XP level 10. HP: 63/63 MP: 11/11
  6827 | D:9      | Reached skill level 9 in Ranged Weapons
  6885 | D:9      | Found a basalt altar of Yredelemnul.
  6903 | D:9      | Found a shimmering altar of Xom.
  7010 | D:9      | Found a bloodstained altar of Trog.
  7053 | D:10     | Entered Level 10 of the Dungeon
  7088 | D:10     | Found a sparkling altar of Nemelex Xobeh.
  7155 | D:10     | Found a flagged portal.
  7167 | Bailey   | Entered a bailey
  7924 | Bailey   | Noticed a two-headed ogre
  7928 | Bailey   | Killed a two-headed ogre
  7929 | Bailey   | Reached skill level 9 in Dodging
  7929 | Bailey   | Reached XP level 11. HP: 68/68 MP: 12/12
  8439 | D:10     | Reached skill level 6 in Shields
  8440 | D:10     | Noticed a sixfirhy
  8450 | D:10     | Killed a sixfirhy
  8451 | D:10     | Reached skill level 10 in Ranged Weapons
  9107 | D:10     | Reached skill level 11 in Ranged Weapons
  9181 | D:10     | Noticed a sun demon
  9753 | D:10     | Found Zuric's Jewellery Shoppe.
  9792 | D:10     | Reached skill level 12 in Ranged Weapons
  9916 | D:11     | Noticed a cyclops
 10665 | D:8      | Found a runed translucent door.
 10668 | D:8      | Noticed dhlexpress's ghost (novice SpBr)
 11316 | D:11     | Killed a cyclops
 11332 | D:11     | Reached XP level 12. HP: 69/75 MP: 13/13
 11511 | D:11     | Noticed Urug
 11613 | D:11     | Noticed a two-headed ogre
 11619 | D:11     | Killed a two-headed ogre
 11620 | D:11     | Reached skill level 6 in Armour
 11623 | D:11     | Found a staircase to the Lair.
 11995 | Lair:1   | Entered Level 1 of the Lair of Beasts
 12264 | Lair:1   | Reached skill level 9 in Fighting
 13422 | Lair:2   | Noticed a death yak
 13425 | Lair:2   | Noticed a death yak
 13426 | Lair:2   | Killed a death yak
 13427 | Lair:2   | Reached skill level 13 in Ranged Weapons
 13434 | Lair:2   | Killed a death yak
 13992 | Lair:2   | Found a snail-covered altar of Cheibriados.
 14086 | Lair:2   | Found a staircase to the Snake Pit.
 14535 | Lair:2   | Reached XP level 13. HP: 50/83 MP: 14/14
 15023 | Lair:2   | Found the +3 hat of Pondering {ponderous, Will+ MP+10
                  | Int+5}
 15876 | Lair:3   | Reached skill level 14 in Ranged Weapons
 15895 | Lair:3   | Reached skill level 12 in Fighting
 17699 | Lair:3   | Found a staircase to the Shoals.
 18512 | Lair:4   | Reached skill level 15 in Ranged Weapons
 18518 | Lair:4   | Reached XP level 14. HP: 76/92 MP: 15/15
 18609 | Lair:4   | Found a dark tunnel.
 18620 | Volcano  | Entered a volcano
 18750 | Volcano  | Reached skill level 12 in Dodging
 19171 | Lair:4   | Acquired the +18 shield of the Gong {Loud rN+ Will+ rCorr
                  | EV-5}
 19171 | Lair:4   | Found the +18 shield of the Gong {Loud rN+ Will+ rCorr
                  | EV-5}
 19266 | Lair:4   | Found a staircase to the Slime Pits.
 20419 | Lair:4   | Found a viscous altar of Jiyva.
 20769 | Lair:5   | Entered Level 5 of the Lair of Beasts
 20784 | Lair:4   | Reached skill level 16 in Ranged Weapons
 20786 | Lair:4   | Reached skill level 9 in Shields
 23754 | Lair:5   | Reached skill level 12 in Shields
 23759 | Lair:5   | Reached XP level 15. HP: 96/96 MP: 16/16
 25206 | D:12     | Noticed Josephine
 25215 | D:12     | Killed Josephine
 25854 | D:12     | Found a staircase to the Orcish Mines.
 26129 | D:12     | Found a basalt altar of Yredelemnul.
 26328 | Orc:1    | Entered Level 1 of the Orcish Mines
 26392 | Orc:1    | Found Erirefoh's Vocational Training.
 26718 | Orc:2    | Entered Level 2 of the Orcish Mines
 27349 | Orc:2    | Noticed an orc warlord
 27363 | Orc:2    | Killed an orc warlord
 27504 | Orc:2    | Found Deleov's Magic Scroll Emporium.
 27519 | Orc:2    | Bought a scroll of butterflies for 68 gold pieces
 27519 | Orc:2    | Bought a scroll of teleportation for 51 gold pieces
 27521 | Orc:2    | Bought a scroll of poison for 68 gold pieces
 27521 | Orc:2    | Bought a scroll of enchant armour for 127 gold pieces
 27526 | Orc:2    | Found Baunia's General Store.
 27543 | Orc:2    | Bought a potion of curing for 45 gold pieces
 27543 | Orc:2    | Bought a scroll of torment for 142 gold pieces
 27800 | Orc:2    | Found a staircase to the Elven Halls.
 27917 | Orc:2    | Identified the +6 ring mail "Eren Fae" {rElec rC+ rN+}
 28279 | Orc:2    | Noticed an orc warlord
 28287 | Orc:2    | Killed an orc warlord
 28288 | Orc:2    | Reached skill level 15 in Shields
 28371 | Orc:2    | Found Orimuwas's Antique Armour Emporium.
 28433 | Orc:2    | Reached skill level 9 in Armour
 28446 | Orc:2    | Found Kuuviff's General Store.
 28455 | Orc:2    | Bought a potion of heal wounds for 80 gold pieces
 29055 | D:13     | Reached XP level 16. HP: 101/101 MP: 17/17
 29397 | D:13     | Identified the +0 leather armour "Otruick" {Dex+6}
 29802 | D:4      | Killed PiratePeteNZ's ghost
 30066 | D:14     | Noticed Rupert
 30066 | D:14     | Found a gate to the Vaults.
 30281 | D:13     | Killed Rupert
 30708 | D:10     | Bought an amulet of regeneration for 450 gold pieces
 31377 | D:14     | Noticed Louise
 31642 | Snake:1  | Entered Level 1 of the Snake Pit
 32648 | Shoals:1 | Entered Level 1 of the Shoals
 32675 | Lair:3   | Learned a level 2 spell: Blink
 33155 | D:13     | Learned a level 2 spell: Lesser Beckoning
 33792 | D:15     | Entered Level 15 of the Dungeon
 33796 | D:15     | Bought the ring of Starshine {^Drain rPois rC+ Int+3
                  | Slay+5} for 1100 gold pieces
 33904 | D:15     | Reached skill level 17 in Ranged Weapons
 34778 | D:15     | Found a staircase to the Depths.
 35275 | Abyss:3  | Found a corrupted altar of Lugonu.
 35275 | Abyss:3  | Cast into level 3 of the Abyss (Louise)
 35329 | Abyss:3  | Found a corrupted altar of Lugonu.
 35334 | D:14     | Escaped the Abyss
 35368 | D:14     | Killed Louise
 35992 | Snake:1  | Reached skill level 1 in Evocations
 35995 | Snake:1  | Reached XP level 17. HP: 110/111 MP: 18/18
 36199 | Snake:1  | Noticed Mlioglotl
 36208 | Snake:1  | Noticed a tentacled starspawn
 36212 | Snake:1  | Killed Mlioglotl
 36616 | Snake:2  | Reached skill level 3 in Evocations
 36837 | Snake:2  | Noticed Vashnia
 37119 | Snake:2  | Reached skill level 18 in Ranged Weapons
 37454 | Snake:2  | Found a sacrificial altar of Ru.
 37662 | Snake:2  | Reached skill level 15 in Fighting
 37684 | Snake:2  | Killed Vashnia
 39174 | Snake:4  | Entered Level 4 of the Snake Pit
 39783 | Snake:4  | Reached XP level 18. HP: 120/120 MP: 19/19
 40489 | Snake:4  | Reached skill level 15 in Dodging
 42623 | Snake:4  | Reached skill level 9 in Stealth
 43006 | Snake:4  | Got a serpentine rune of Zot
 43446 | Vaults:1 | Entered Level 1 of the Vaults
 43504 | Depths:1 | Entered Level 1 of the Depths
 43648 | Depths:1 | Found a one-way gateway to a ziggurat.
 45970 | Shoals:2 | Found a runed translucent door.
 45971 | Shoals:2 | Noticed december12's ghost (adept BaAr)
 46030 | Shoals:2 | Noticed Kirke
 46040 | Shoals:2 | Killed Kirke
 46041 | Shoals:2 | Reached XP level 19. HP: 125/125 MP: 20/20
 46449 | Shoals:2 | Killed december12's ghost
 46751 | Shoals:3 | Reached skill level 6 in Evocations
 47930 | Shoals:4 | Entered Level 4 of the Shoals
 48173 | Shoals:4 | Identified the +7 spear of Ebruc {flame, rPois rC++ Will+}
 48253 | Shoals:4 | Reached skill level 9 in Evocations
 49098 | Shoals:4 | Got a barnacled rune of Zot
 49630 | Shoals:4 | Found the +8 Wrath of Trog {antimagic, *Rage Rampage}
 50534 | Vaults:1 | Found Haomem's Distillery.
 50542 | Vaults:1 | Bought a potion of haste for 130 gold pieces
 50542 | Vaults:1 | Bought a potion of curing for 39 gold pieces
 50542 | Vaults:1 | Bought a potion of curing for 39 gold pieces
 51254 | Vaults:1 | Reached XP level 20. HP: 134/134 MP: 21/21
 51838 | Vaults:2 | Identified the +1 chain mail "Hoatag" {rPois Int+4}
 51949 | Vaults:2 | Found the +2 cloak of the Thief {*Fog Slay-2 SInv Stlth+}
 51957 | Vaults:2 | Noticed Bai Suzhen
 52028 | Vaults:2 | Identified the +6 chain mail of Kiseys {rPois rF+}
 52154 | Vaults:2 | Killed Bai Suzhen
 52784 | Vaults:2 | Reached skill level 18 in Fighting
 53795 | Vaults:3 | Found a staircase to the Crypt.
 54152 | Vaults:3 | Identified the +3 shortbow of Jepit {flame, rElec rF+ rC-
                  | rN+}
 55026 | Vaults:4 | Reached XP level 21. HP: 141/141 MP: 22/22
 55054 | Vaults:4 | Reached skill level 18 in Dodging
 55276 | Vaults:4 | Reached skill level 12 in Armour
 56241 | Vaults:5 | Entered Level 5 of the Vaults
 56251 | Vaults:4 | Reached skill level 12 in Evocations
 56960 | D:15     | Learned a level 2 spell: Passwall
 56964 | D:15     | Learned a level 3 spell: Swiftness
 57108 | D:11     | Bought a spiked crystal plate armour for 2635 gold pieces
 57108 | D:11     | Identified the +0 crystal plate armour of Ehuhih {rPois
                  | Str+2} (You bought it in a shop on level 11 of the Dungeon)
 57315 | Depths:1 | Found a gateway to Hell.
 57732 | Depths:1 | Identified the +1 ring mail of Conscience {rC++ Str-3
                  | Dex+5}
 57998 | Depths:1 | Found a one-way gate to the infinite horrors of the Abyss.
 58175 | Depths:2 | Found an ornate altar of the Wu Jian Council.
 58751 | Depths:2 | Found Senuegew's Assorted Antiques.
 58755 | Depths:2 | Found Icuahix's General Store.
 58755 | Depths:2 | Found Buvexoerr's General Store.
 58760 | Depths:2 | Found Cywylapt's Book Shoppe.
 58772 | Depths:2 | Bought a pair of bloodstained gloves for 351 gold pieces
 58772 | Depths:2 | Identified the +2 pair of gloves of the Ikuchi {rCorr} (You
                  | bought it in a shop on level 2 of the Depths)
 58772 | Depths:2 | Bought 2 potions of heal wounds for 370 gold pieces
 58772 | Depths:2 | Bought a short silver wand for 148 gold pieces
 59092 | Depths:2 | Found a one-way gate leading to the halls of Pandemonium.
 59262 | Depths:3 | Noticed Sojobo
 59271 | Depths:3 | Reached XP level 22. HP: 135/150 MP: 23/23
 59283 | Depths:3 | Paralysed by an air elemental for 1 turns
 59287 | Depths:3 | Paralysed by an air elemental for 1 turns
 59293 | Depths:3 | Paralysed by an air elemental for 1 turns
 59311 | Depths:3 | Killed Sojobo
 59562 | Depths:3 | Reached skill level 18 in Shields
 59743 | Depths:3 | Identified the +4 battleaxe of Sered {flame, Fly rF+}
 59843 | Depths:3 | Noticed a caustic shrike
 59854 | Depths:3 | Killed a caustic shrike
 59937 | Depths:3 | Reached skill level 19 in Ranged Weapons
 59962 | Depths:3 | Identified the +0 scale mail of Pride {rPois rF+ Dex+2}
 60305 | Depths:3 | Identified the +5 falchion "Nyjem" {venom, rPois MP-9 SInv}
 60519 | Depths:3 | Noticed a golden dragon
 60525 | Depths:3 | Killed a golden dragon
 60608 | Depths:3 | You are sucked into a shaft and drop 1 floor!
 60608 | Depths:4 | Entered Level 4 of the Depths
 60685 | Depths:4 | Noticed a juggernaut
 61351 | Depths:4 | Reached skill level 1 in Spellcasting
 61351 | Depths:4 | Reached skill level 1 in Transmutations
 61577 | Depths:4 | Reached skill level 1 in Earth Magic
 61583 | Depths:4 | Reached skill level 20 in Ranged Weapons
 61598 | Depths:4 | Killed a juggernaut
 61747 | Depths:4 | Noticed a golden dragon
 61763 | Depths:4 | Killed a golden dragon
 61764 | Depths:4 | Reached XP level 23. HP: 138/156 MP: 26/26
 62083 | Depths:4 | Found a gate to the Realm of Zot.
 62796 | D:15     | Gained mutation: You are dopey. (Int -2) [potion of
                  | mutation]
 62796 | D:15     | Gained mutation: You occasionally shout uncontrollably at
                  | your foes. [potion of mutation]
 62797 | D:15     | Lost mutation: You are dopey. (Int -2) [potion of mutation]
 62797 | D:15     | Lost mutation: You occasionally shout uncontrollably at
                  | your foes. [potion of mutation]
 62797 | D:15     | Gained mutation: Your flesh is cold resistant. (rC+)
                  | [potion of mutation]
 62797 | D:15     | Gained mutation: Your mind is acute. (Int +4, Str/Dex -1)
                  | [potion of mutation]
 62798 | D:15     | Lost mutation: Your flesh is cold resistant. (rC+) [potion
                  | of mutation]
 62798 | D:15     | Lost mutation: Your mind is acute. (Int +4, Str/Dex -1)
                  | [potion of mutation]
 62798 | D:15     | Gained mutation: You have supernaturally acute eyesight.
                  | (SInv) [potion of mutation]
 63007 | Vaults:4 | Reached skill level 12 in Stealth
 63152 | Vaults:5 | Reached skill level 3 in Spellcasting
 63229 | Vaults:5 | Reached skill level 3 in Transmutations
 63257 | Vaults:5 | Noticed a dread lich
 63287 | Vaults:5 | Reached skill level 3 in Earth Magic
 63434 | Vaults:5 | Identified the +10 sling of Wiplimef {flame, +Blink}
 63439 | Vaults:5 | Identified the ring "Ypeinev" {Ice Dex+2}
 63443 | Vaults:5 | Identified the staff of Olik {rN+ Str+2 Conj Necro Tmut}
 63447 | Vaults:5 | Identified the serpent talisman "Ezel Fet" {rN+ Dex+6}
 63588 | Vaults:5 | Reached skill level 21 in Ranged Weapons
 64024 | Vaults:5 | Got the Handbook of Brumal Haze
 64025 | Vaults:5 | Identified the amulet of Equilibrium {Regen+ MP+9}
 64263 | Vaults:5 | Got a silver rune of Zot
 64378 | Vaults:5 | Got Qielauw's Guidebook on Arson
 64379 | Vaults:5 | Identified the +10 arbalest of the Sky {freeze, rElec
                  | Will+++ Str-2 Int-4}
 65175 | Zot:1    | Entered Level 1 of the Realm of Zot
 65180 | Zot:1    | Reached skill level 1 in Translocations
 65527 | Zot:1    | Noticed an orb of fire
 65581 | Zot:1    | Gained mutation: You are frail. (-10% HP) [an orb of fire]
 65583 | Depths:4 | Lost mutation: You have supernaturally acute eyesight.
                  | (SInv) [potion of mutation]
 65583 | Depths:4 | Lost mutation: You are frail. (-10% HP) [potion of
                  | mutation]
 65583 | Depths:4 | Gained mutation: You are somewhat resistant to further
                  | mutation. [potion of mutation]
 65929 | Elf:1    | Entered Level 1 of the Elven Halls
 66101 | Elf:1    | Reached skill level 3 in Translocations
 66159 | Elf:1    | Reached XP level 24. HP: 163/163 MP: 31/31
 66266 | Elf:1    | Found a radiant altar of Vehumet.
 67246 | Elf:2    | Reached skill level 6 in Spellcasting
 67523 | Elf:2    | Found a runed translucent gate.
 67523 | Elf:2    | Found a runed translucent gate.
 67524 | Elf:2    | Found a runed translucent gate.
 67951 | Elf:2    | Learned a level 4 spell: Passage of Golubria
 68008 | Elf:2    | Reached skill level 6 in Translocations
 68132 | Elf:3    | Entered Level 3 of the Elven Halls
 68245 | Elf:3    | Paralysed by an air elemental for 1 turns
 68263 | Elf:3    | Reached skill level 6 in Transmutations
 69025 | Elf:3    | Identified the +2 spear of Beyond {drain, rC+ rN+ Stlth+}
 69489 | Elf:3    | Noticed Zenata
 69494 | Elf:3    | Identified the +6 short sword of Integrity {heavy, rF+
                  | Str+3 Int+3}
 69501 | Elf:3    | Killed Zenata
 69615 | Elf:3    | Reached skill level 6 in Earth Magic
 70037 | Elf:3    | Got the Vellum of Deathly Congelation
 70073 | Elf:3    | Got the Secrets of Necrotic Striking
 70080 | Elf:3    | Identified the staff of Defiance {rF+ Dex+3 Fire Air}
 70118 | Elf:3    | Reached XP level 25. HP: 168/168 MP: 35/35
 70578 | Slime:1  | Entered Level 1 of the Pits of Slime
 70909 | Crypt:1  | Entered Level 1 of the Crypt
 72192 | Depths:4 | Killed an orb of fire
 72436 | Depths:4 | Reached skill level 9 in Translocations
 72671 | Depths:4 | Reached XP level 26. HP: 157/174 MP: 35/35
 73642 | Zot:2    | Noticed a Killer Klown
 73680 | Zot:5    | Entered Level 5 of the Realm of Zot
 73690 | Zot:5    | Noticed an orb of fire
 73694 | Zot:5    | Noticed a Killer Klown
 73694 | Zot:5    | Noticed a Killer Klown
 73696 | Zot:5    | Noticed a Killer Klown
 73696 | Zot:5    | Noticed a Killer Klown
 73697 | Zot:5    | Noticed an orb of fire
 73721 | Zot:5    | Noticed an orb of fire
 73721 | Zot:5    | Noticed an orb of fire
 73728 | Zot:5    | Noticed an ancient lich
 73729 | Zot:5    | Noticed a dread lich
 73729 | Zot:5    | Noticed a Killer Klown
 73730 | Zot:5    | Got the Orb of Zot
 73736 | Zot:5    | Noticed a dread lich
 73738 | Zot:5    | Killed a Killer Klown
 73740 | Zot:5    | Noticed Qomalim the pandemonium lord
 73764 | Zot:5    | Killed an ancient lich
 73770 | Zot:5    | Killed a Killer Klown
 73776 | Zot:5    | Killed a dread lich
 73800 | Zot:5    | Killed Qomalim the pandemonium lord
 73859 | Zot:3    | Found the +4 dragonskin cloak
 73859 | Zot:3    | Noticed Tiamat
 73980 | Depths:2 | Identified the ring "Womadupt" {Fire rPois rCorr Dex+3
                  | Stlth+}
 74412 | D:$      | Escaped with the Orb!

Illustrated notes

Levels and vault maps discovered:
D:1:      minmay_arrival_four_circles, layout_loops_ring,
          hellmonk_ecumenical_altar_zigzags
D:2:      layout_basic, reono_crystal_passage, wad_floor_pattern_untrapped
D:3:      layout_rooms, portal_sewer_entry_c, roderic_lattice_a,
          item_on_display_a, uniq_natasha
D:4:      layout_basic, grunt_temple_overflow_open, gammafunk_ghost_stat_death,
          dreamdust_gnoll_farm, uniq_blork_the_orc
D:5:      layout_loops_ring, minmay_temple_entry_glass, blue_anna_alchemist,
          uniq_grinder
D:6:      layout_basic, nicolae_ru_path_of_blood, hellmonk_no_cap
D:7:      layout_cave_pools
D:8:      layout_basic, gammafunk_ghost_grave, serial_bayou_crossing
D:9:      layout_irregular_city, led_xom_imps, kennysheep_mini,
          lightli_temple_of_fire, dk_vineyard_2
D:10:     layout_roguey, nemelex_altar_shiori, lightli_bailey_entry_fortress,
          serial_shops, nicolae_shop_tiny_statue_garden,
          nicolae_demonic_statue_gallery
D:11:     layout_basic, due_lair_maze_entry_diamond, uniq_urug
D:12:     layout_grid_maze, orc_0_dummy, yredelemnul_altar_generic,
          uniq_josephine
D:13:     layout_grid_maze
D:14:     layout_long_grid, david_vaults_3, kennysheep_generic_room_3,
          uniq_louise
D:15:     hangedman_depths_entry_try_elsewhere_first, layout_basic,
          serial_bayou_shore_a
Temple:   hellmonk_temple_divided_pantheon
Lair:1:   layout_misc_corridors, lemuel_fruit_fields, lemuel_fruit_fields
Lair:2:   cheibrodos_lair_river_kwai, layout_gridlike,
          nicolae_snake_entry_warm_welcome, basic_altar,
          chequers_serial_rivers_small_a, worms_lemuel
Lair:3:   layout_cave_pods, elwin_shoals_entry_stream, special_room
          [special_room_bee], beast_lair_carwin_4
Lair:4:   layout_roguey, slime_entry_1, nicolae_volcano_entry_lava_flow,
          infiniplex_staircase_pool_2, grunt_megastairs_4
Lair:5:   hangedman_lair_caniforms_friends, layout_regular_city,
          guppyfry_lair_end_dragon, grunt_megastairs_5
Shoals:1: layout_shoals, nicolae_shoals_circle_sea_wall
Shoals:2: layout_shoals, ebering_ghost_inner_flame, uniq_kirke
Shoals:3: cheibrodos_shoals_oceanic_diplomacy, layout_shoals
Shoals:4: shoals_end_simple, layout_shoals, ldierk_geyser
Snake:1:  layout_rooms, grunt_megastairs_3, uniq_mlioglotl, uniq_rupert
Snake:2:  layout_onion, basic_altar, uniq_vashnia
Snake:3:  layout_misc_corridors, grunt_megastairs_1, serial_bayou_shore_b
Snake:4:  snake_pit, layout_cave_town
Slime:1:  layout_caves, nicolae_slime_phagocytosis
Orc:1:    layout_caves, nicolae_shop_vocational
Orc:2:    pubby_orc_utopia
Elf:1:    eino_elf_arrival_customs, layout_loops_corners, basic_altar,
          minmay_elf_crystal_hexagon, nicolae_concentric_dashed_squares_mild
Elf:2:    elven_hall_of_blades_hangedman_original [grunt_blade_entry_basic],
          layout_geoelf_octagon, grunt_ministairs_5
Elf:3:    minmay_elf_hall_not_hex, layout_gridlike,
          serial_sigils_hangedman_gnaw, minmay_misc_feat_columns, uniq_zenata
Vaults:1: v_misc_3, v_misc_28, nicolae_vaults_circle_grid_a,
          vaults_room_grunt_arrival_ludios, nicolae_vaults_meiosis, v_misc_24,
          nicolae_vaults_branching_niches, v_misc_17, hangedman_vaults_trim,
          grunt_vaults_funnel, nicolae_vaults_tetromino_T_1,
          layout_vaults_omnibox, serial_shops, nicolae_shop_statue_plus
Vaults:2: ontoclasm_vaults_loading_screen, ontoclasm_vaults_ligature,
          grunt_vaults_hallway_long, dpeg_vaults_monster_row, vaults_mumra_lcd,
          nicolae_vaults_network_quinsquares
          [nicolae_vaults_network_quincunx_subvault,
          nicolae_vaults_network_quincunx_subvault,
          nicolae_vaults_network_quincunx_subvault,
          nicolae_vaults_network_quincunx_subvault],
          nicolae_vaults_bisected_inception, hangedman_vaults_impose, v_misc_19,
          vaults_room_door_ring, vaults_dpeg_emergency_exit, v_misc_13,
          v_pattern_4, nicolae_vaults_little_guard_posts,
          layout_vaults_big_cross, uniq_bai_suzhen
Vaults:3: nicolae_vaults_more_shelving_1, hangedman_vaults_maws,
          ontoclasm_vaults_gateway, layout_vaults_omnigrid, dummy_crypt_entry
Vaults:4: nicolae_vaults_oval_intersection, nicolae_vaults_lightning_bolt,
          vaults_room_semicircle, vaults_room_large_hall,
          nicolae_vaults_tangram_1, hangedman_vaults_cutoff,
          nicolae_vaults_security_offices_6, nicolae_vaults_sesquioval_fish,
          vaults_room_door_hall, ontoclasm_vaults_ring_small,
          nicolae_vaults_surprise_closet, nicolae_vaults_spaceships,
          nicolae_vaults_little_squares_2, ontoclasm_vaults_shuriken,
          nicolae_vaults_trapezoid_2, ontoclasm_vaults_loading_screen,
          vaults_dpeg_ring, layout_vaults_ring
Vaults:5
Crypt:1:  layout_regular_city
Depths:1: layout_basic, enter_ziggurat_c, grunt_mini_vestibule, abyss_entry,
          serial_library_hellmonk_layered_room, serial_sigils_hangedman_quiver,
          kennysheep_opposing_triangles
Depths:2: minmay_connected_triangles_in_corner, layout_honeycomb,
          lemuel_statue_altar, pf_hell_entry_great_geh, pan_entry,
          minmay_shoptagon, infiniplex_staircase_spiral_double
Depths:3: minmay_spiral_squares, layout_gridlike, hangedman_tar_grid_catacomb,
          abyss_entry, uniq_sojobo
Depths:4: grunt_zot_entry_funnels, layout_basic, minmay_misc_feat_encased,
          abyss_entry, hell_entry, nicolae_two_hexagons, st_stairs_7, drop_trap,
          eino_tiny_chamber, lemuel_flamethrower_1
Zot:1:    layout_onion_interference, st_small_dragon_hoard_1
Zot:2:    layout_basic
Zot:3:    circus_mu, layout_gridlike, ebering_ghost_disaster_area,
          bh_zot_ikea_curve, lemuel_elevator, uniq_tiamat
Zot:4:    lemuel_halls_of_wrath, layout_gridville, regret_index_zotdec_banners
Zot:5:    layout_concentric_octagons

Skill      XL: |  1  2  3  4  5  6  7  8  9 10 11 12 13 14 15 16 17 18 19 20 21 22 23 24 25 26 |
---------------+-------------------------------------------------------------------------------+-----
Ranged Weapons | 5 6 8 9 12 13 15 16 17 18 20 21 | 21.3
Fighting       | 3 4 5 7 8 10 12 14 16 17 18 19 20 | 20.0
Stealth        | 2 3 4 6 8 10 11 12 | 12.8
Shields        | 1 2 3 4 5 6 7 8 12 15 16 17 18 | 18.0
Dodging        | 3 5 6 9 10 11 12 13 14 17 18 | 18.0
Armour         | 3 5 7 9 10 11 13 14 | 14.0
Evocations     | 1 5 10 11 12 | 12.3
Spellcasting   | 1 5 7 8 |  8.4
Transmutations | 1 4 6 7 8 |  8.0
Earth Magic    | 1 4 6 |  6.9
Translocations | 3 8 9 10 | 10.0

Action                     |  1- 3 |  4- 6 |  7- 9 | 10-12 | 13-15 | 16-18 | 19-21 | 22-24 | 25-27 || total
---------------------------+-------+-------+-------+-------+-------+-------+-------+-------+-------++-------
  Melee: Dagger            |       |    88 |       |       |       |       |       |       |       ||    88
         Kick              |       |    17 |       |       |     1 |       |       |       |       ||    18
         Peck              |       |    11 |       |       |     1 |       |       |       |       ||    12
         Hand cannon       |       |       |       |       |     1 |       |       |       |       ||     1
   Fire: Shortbow          |    84 |    37 |       |       |       |       |       |       |       ||   121
         Hand cannon       |       |       |   220 |   535 |  1379 |  1309 |  1406 |  1335 |   205 ||  6389
   Cast: Blink             |       |       |       |       |       |       |       |       |     1 ||     1
         Passage of Golubr |       |       |       |       |       |       |       |       |    18 ||    18
         Passwall          |       |       |       |       |       |       |       |       |    16 ||    16
 Invoke: Call Merchant     |       |       |       |     1 |       |     1 |       |       |       ||     2
         Potion Petition   |       |       |       |       |       |     4 |     2 |     2 |     5 ||    13
         Bribe Branch      |       |       |       |       |       |       |       |     1 |     3 ||     4
  Evoke: Wand              |       |       |       |       |     1 |     8 |     1 |     7 |    14 ||    31
         Box of beasts     |       |       |       |       |       |       |     3 |     1 |     1 ||     5
         Phantom mirror    |       |       |       |       |       |       |     1 |     1 |     1 ||     3
         Tin of tremorston |       |       |       |       |       |       |       |     2 |       ||     2
         Lightning rod     |       |       |       |       |       |       |       |       |     1 ||     1
    Use: Potion            |       |     8 |       |     3 |     8 |     5 |     5 |    15 |    17 ||    61
         Scroll            |       |     8 |     5 |     7 |    11 |     5 |     9 |     8 |    11 ||    64
   Stab: Sleeping          |       |    10 |       |       |       |       |       |       |       ||    10
 Armour: Leather armour    |    25 |    47 |    50 |    88 |   109 |       |       |       |       ||   319
         Ring mail         |       |       |       |       |   113 |   315 |   282 |   338 |   134 ||  1182
  Dodge: Dodged            |    17 |    83 |   122 |   177 |   408 |   456 |   477 |   432 |   167 ||  2339
         Repelled          |       |       |       |       |       |    20 |     3 |       |       ||    23
  Block: Buckler           |       |    17 |    44 |   167 |   176 |       |       |       |       ||   404
         Reflection        |       |       |       |    12 |    23 |    14 |       |       |       ||    49
         Kite shield       |       |       |       |       |   777 |  1301 |  1438 |  1156 |   274 ||  4946

Table legend: (Time is in decaauts)
 A = Elapsed time spent in this place.
 B = Non-inter-level travel time spent in this place.
 C = Inter-level travel time spent in this place.
 D = Time resting spent in this place.
 E = Time spent auto-exploring this place.
 F = Levels seen in this place.
 G = Mean time per level.
                   A        B        C        D        E       F      G
               +--------+--------+--------+--------+--------+-----+--------+
         Total |  77755 |  70008 |   7747 |  24891 |  29296 |  54 | 1439.9 |
       Dungeon |  20247 |  16872 |   3375 |   3662 |   9369 |  15 | 1349.8 |
        Temple |     61 |     61 |      0 |      0 |      0 |   1 |   61.0 |
          Lair |  13906 |  12482 |   1424 |   6272 |   3647 |   5 | 2781.2 |
        Shoals |   5986 |   5701 |    285 |   2022 |   2520 |   4 | 1496.5 |
     Snake Pit |   8336 |   8030 |    306 |   4645 |   2000 |   4 | 2084.0 |
    Slime Pits |     21 |     21 |      0 |      0 |      0 |   1 |   21.0 |
  Orcish Mines |   2934 |   2678 |    256 |    639 |   1308 |   2 | 1467.0 |
   Elven Halls |   4751 |   4599 |    152 |   1286 |   2562 |   3 | 1583.7 |
        Vaults |   9836 |   8573 |   1263 |   1941 |   4627 |   5 | 1967.2 |
         Crypt |    836 |    836 |      0 |    744 |      0 |   1 |  836.0 |
        Depths |   8075 |   7416 |    659 |   2459 |   2656 |   4 | 2018.8 |
           Zot |    959 |    937 |     22 |     45 |    487 |   5 |  191.8 |
         Abyss |     59 |     59 |      0 |      0 |      0 |   1 |   59.0 |
         Sewer |     86 |     86 |      0 |      0 |     26 |   1 |   86.0 |
        Bailey |   1210 |   1210 |      0 |    984 |     59 |   1 | 1210.0 |
       Volcano |    445 |    445 |      0 |    188 |     32 |   1 |  445.0 |
               +--------+--------+--------+--------+--------+-----+--------+

Top non-repeatable levels by time:
 Snake:4: 3589 daAuts
Depths:4: 3574 daAuts
  Lair:3: 3342 daAuts
  Lair:5: 3263 daAuts
  Lair:2: 3191 daAuts
  Lair:4: 2704 daAuts
Vaults:4: 2616 daAuts
    D:13: 2529 daAuts
   Orc:2: 2312 daAuts
   Elf:3: 2273 daAuts
    D:10: 2182 daAuts
Vaults:1: 2067 daAuts
    D:15: 2028 daAuts
    D:12: 1994 daAuts
    D:11: 1981 daAuts
